Sharks vs Wild

Created - Thursday, April 07, 2016 at 02:52

Goals
1 2 3 T
Sharks 0 0 1 1
Wild 1 0 2 3
Shots
1 2 3 T
Sharks 2 2 12 16
Wild 19 7 13 39

1st period

1. Wild , Rickard Rakell 13 (Jonathan Ericsson) at 5:55

Penalties :
Bobby Farnham (SJ ) for Holding (Minor) at 0:32, Dana Tyrell (Min) for Hooking (Minor) at 15:50

2nd period

No Goal

Penalties :
Bobby Farnham (SJ ) for Hooking (Minor) at 1:33, Max Talbot (Min) for Tripping (Minor) at 4:36, Michael Latta (SJ ) for Hooking (Minor) at 10:16, Ian Cole (SJ ) for Roughing (Minor) at 18:21

3rd period

2. Sharks , Andy Andreoff 8 (Curtis Glencross) at 10:01 (PP)
3. Wild , Mason Raymond 10 (Jonathan Ericsson, Brad Marchand) at 14:41
4. Wild , Jordan Eberle 24 (Mark Streit, Thomas Vanek) at 15:31

Penalties :
Jonathan Ericsson (Min) for Roughing (Minor) at 10:00, Ian Cole (SJ ) for Slashing (Minor) at 10:23, Michael Latta (SJ ) for Interference (Minor) at 18:28

Goalie Stats

Calvin Pickard (SJ ), 36 saves from 39 shots - (0.923), L, 8-12-2, 60:00 minutes
Ryan Miller (Min), 15 saves from 16 shots - (0.938), W, 27-25-4, 60:00 minutes

Players Stats for Sharks

Player Name              G  A  P  +/- PIM S  H  SB GA TA FO     MP     PP MP  PK MP  
------------------------------------------------------------------------------------
Andy Andreoff            1  0  1   0  0   1  2  0  2  1  4/9    21:19   1:10   5:17 
Bobby Farnham            0  0  0   0  4   0  1  1  1  0  0/0    16:02   2:05   0:00 
Brendan Smith            0  0  0   0  0   0  0  0  0  2  0/0    13:56   0:00   3:29 
Chris Tierney            0  0  0  -2  0   1  0  1  0  1  0/9    15:36   0:55   0:43 
Curtis Glencross         0  1  1  -1  0   1  1  0  1  0  0/0    20:46   1:38   6:58 
Ian Cole                 0  0  0  -2  4   0  1  2  1  0  0/0    21:19   2:01   0:00 
Jay Harrison             0  0  0   0  0   0  2  4  0  1  0/0    20:56   2:01   7:57 
Jayson Megna             0  0  0  -1  0   0  1  0  0  0  0/1    16:41   0:02   2:30 
Justin Schultz           0  0  0  -1  0   4  0  0  1  0  0/0    16:29   1:58   0:00 
Klas Dahlbeck            0  0  0  -1  0   1  2  2  0  6  0/0    20:45   1:58   3:29 
Linden Vey               0  0  0  -1  0   2  0  0  0  0  1/8    13:17   0:00   0:00 
Luca Sbisa               0  0  0  -1  0   0  0  0  0  0  0/0     7:05   0:00   0:00 
Michael Latta            0  0  0   0  4   0  3  1  0  0  0/1     8:39   0:00   3:03 
Richard Panik            0  0  0  -2  0   0  3  1  1  0  0/1    18:13   2:14   1:11 
Ryan Hamilton            0  0  0   0  0   1  0  0  0  0  0/0     2:25   0:05   0:31 
Tom Gilbert              0  0  0  -1  0   1  0  5  1  3  0/0    20:02   0:00   7:57 
Tomas Fleischmann        0  0  0  -2  0   2  1  0  0  0  0/1    17:48   1:54   2:39 
Vincent Lecavalier       0  0  0   0  0   2  0  1  1  1  2/10   17:10   1:54   0:00 

Players Stats for Wild

Player Name              G  A  P  +/- PIM S  H  SB GA TA FO     MP     PP MP  PK MP  
------------------------------------------------------------------------------------
Brad Marchand            0  1  1   1  0   4  4  0  1  1  0/0    17:55   5:39   0:40 
Brian Strait             0  0  0   0  0   0  1  0  0  0  0/0    10:17   0:00   0:00 
Cody Franson             0  0  0   2  0   5  1  2  0  0  0/0    24:42   5:12   0:30 
Cody McCormick           0  0  0   1  0   2  2  1  3  0  6/8    18:40   5:47   2:47 
Dale Weise               0  0  0   0  0   2  2  1  1  0  0/0    10:58   0:00   0:00 
Dana Tyrell              0  0  0   1  2   0  1  0  0  0  0/0     9:45   0:00   0:00 
David Legwand            0  0  0   1  0   3  2  0  0  0  5/7    17:05   5:39   0:00 
Derek Dorsett            0  0  0   0  0   0  5  0  0  0  0/0    10:58   0:00   0:00 
Jonathan Ericsson        0  2  2   0  2   4  0  3  0  0  0/0    22:16   6:14   0:30 
Jordan Eberle            1  0  1   1  0   2  2  0  5  1  0/0    18:13   5:39   0:00 
Luke Schenn              0  0  0   2  0   1  2  0  0  0  0/0    13:11   0:00   0:00 
Mark Streit              0  1  1   1  0   6  1  0  0  2  0/0    24:32   5:12   3:29 
Mason Raymond            1  0  1   1  0   2  0  0  1  0  1/1    10:47   0:00   0:00 
Max Talbot               0  0  0   0  2   4  0  0  0  1  6/6    11:07   0:00   0:00 
Rickard Rakell           1  0  1   1  0   1  0  0  3  0  4/5    16:38   5:47   0:45 
Thomas Vanek             0  1  1   1  0   2  0  0  6  0  0/0    21:08   5:47   3:06 
Toby Enstrom             0  0  0   1  0   1  1  1  2  1  0/0    25:01   6:14   3:29 
Victor Rask              0  0  0   1  0   0  0  0  0  0  11/13  12:45   0:00   0:40 

3 Stars

1 - Jordan Eberle (Min)
2 - Brad Marchand (Min)
3 - Rickard Rakell (Min)

Power Play

Sharks - 1 on 3 Attempt(s) - 33.33%
Wild - 0 on 6 Attempt(s) - 0.00%

Penalty Kill

Sharks - 6 on 6 Attempt(s) - 100.00% - Score 0 goal in Penalty Kill
Wild - 2 on 3 Attempt(s) - 66.67% - Score 0 goal in Penalty Kill

Team Stat

Sharks - Hits : 17 - Faceoff Wins : 7 - Blocked Shots : 18 - Penalty Minutes : 12
Wild - Hits : 24 - Faceoff Wins : 33 - Blocked Shots : 8 - Penalty Minutes : 6

Official

Referees : Unknown
Linesman : Unknown

Game Notes

No Game Note

Finance

Level 1 -- Attendance: 3989 (66.48%) -- Ticket Income $398,900
Level 2 -- Attendance: 3222 (64.44%) -- Ticket Income $193,320
Level 3 -- Attendance: 1292 (64.60%) -- Ticket Income $45,220
Level 4 -- Attendance: 2921 (73.03%) -- Ticket Income $58,420
Luxury Box -- Attendance: 761 (76.10%) -- Ticket Income $152,200
Game was played at the Xcel Energy Center.
Total Attendance: 12185 (67.69%)
Total Ticket Income: $848,060
Other Income: $415,549
Total Income: $1,263,609

Sharks

5 vs 5 Forward 
   Center                   Left Wing                Right Wing               Time % Phy DF OF 
 1 Vincent Lecavalier       Andy Andreoff            Bobby Farnham            35     1   2  2  
 2 Chris Tierney            Tomas Fleischmann        Richard Panik            30     1   2  2  
 3 Linden Vey               Curtis Glencross         Jayson Megna             22     1   2  2  
 4 Michael Latta            Andy Andreoff            Vincent Lecavalier       13     1   2  2  

5 vs 5 Defense 
   Defense                  Defense                                           Time % Phy DF OF 
 1 Ian Cole                 Tom Gilbert                                       35     1   2  2  
 2 Justin Schultz           Klas Dahlbeck                                     30     1   2  2  
 3 Brendan Smith            Jay Harrison                                      22     1   2  2  
 4 Ian Cole                 Luca Sbisa                                        13     1   2  2  

PowerPlay Forward 
   Center                   Left Wing                Right Wing               Time % Phy DF OF 
 1 Andy Andreoff            Curtis Glencross         Bobby Farnham            60     1   2  2  
 2 Vincent Lecavalier       Tomas Fleischmann        Richard Panik            40     1   2  2  

PowerPlay Defense
   Defense                  Defense                                           Time % Phy DF OF 
 1 Ian Cole                 Jay Harrison                                      60     1   2  2  
 2 Justin Schultz           Klas Dahlbeck                                     40     1   2  2  

Penalty Kill 4 Players Forward 
   Center                   Wing                     Time % Phy DF OF 
 1 Andy Andreoff            Curtis Glencross         60     1   2  2  
 2 Michael Latta            Tomas Fleischmann        40     1   2  2  

Penalty Kill 4 Players Defense
   Defense                  Defense                  Time % Phy DF OF 
 1 Jay Harrison             Tom Gilbert              60     1   2  2  
 2 Brendan Smith            Klas Dahlbeck            40     1   2  2  

Penalty Kill - 3 Players Forward 
   Forward                                           Time % Phy DF OF 
 1 Michael Latta                                     60     1   2  2  
 2 Bobby Farnham                                     40     1   2  2  

Penalty Kill - 3 Players Defense
   Defense                  Defense                  Time % Phy DF OF 
 1 Jay Harrison             Justin Schultz           60     1   2  2  
 2 Brendan Smith            Klas Dahlbeck            40     1   2  2  

4 vs 4 Forward 
   Center                   Wing                     Time % Phy DF OF 
 1 Jayson Megna             Curtis Glencross         60     1   2  2  
 2 Linden Vey               Tomas Fleischmann        40     1   2  2  

4 vs 4 Defense
   Defense                  Defense                  Time % Phy DF OF 
 1 Ian Cole                 Brendan Smith            60     1   2  2  
 2 Justin Schultz           Klas Dahlbeck            40     1   2  2  

Last Minutes Offensive
   Center                   Left Wing                Right Wing               Defense                  Defense                  
   Chris Tierney            Tomas Fleischmann        Richard Panik            Justin Schultz           Klas Dahlbeck            

Last Minutes Defensive
   Center                   Left Wing                Right Wing               Defense                  Defense                  
   Andy Andreoff            Tomas Fleischmann        Jayson Megna             Jay Harrison             Klas Dahlbeck            

Goaltenders
Starting : Calvin Pickard           
Backup : Kari Lehtonen            

Extra Forwards
Normal : Chris Tierney, Curtis Glencross, Jayson Megna - PP : Chris Tierney, Curtis Glencross - PK : Jayson Megna
Extra Defensemen
Normal : Brendan Smith, Jay Harrison, Ian Cole - PP : Brendan Smith - PK : Jay Harrison, Ian Cole
Penalty Shots
Jayson Megna, Bobby Farnham, Linden Vey, Tomas Fleischmann, Curtis Glencross

Wild

5 vs 5 Forward 
   Center                   Left Wing                Right Wing               Time % Phy DF OF 
 1 Victor Rask              Thomas Vanek             Jordan Eberle            35     1   2  2  
 2 David Legwand            Brad Marchand            Mason Raymond            30     1   2  2  
 3 Cody McCormick           Dana Tyrell              Rickard Rakell           22     1   2  2  
 4 Max Talbot               Derek Dorsett            Dale Weise               13     1   2  2  

5 vs 5 Defense 
   Defense                  Defense                                           Time % Phy DF OF 
 1 Mark Streit              Toby Enstrom                                      35     1   2  2  
 2 Cody Franson             Luke Schenn                                       30     1   2  2  
 3 Brian Strait             Jonathan Ericsson                                 22     1   2  2  
 4 Cody Franson             Jonathan Ericsson                                 13     1   2  2  

PowerPlay Forward 
   Center                   Left Wing                Right Wing               Time % Phy DF OF 
 1 Rickard Rakell           Thomas Vanek             Cody McCormick           60     1   2  2  
 2 David Legwand            Brad Marchand            Jordan Eberle            40     1   2  2  

PowerPlay Defense
   Defense                  Defense                                           Time % Phy DF OF 
 1 Cody Franson             Mark Streit                                       60     1   2  2  
 2 Jonathan Ericsson        Toby Enstrom                                      40     1   2  2  

Penalty Kill 4 Players Forward 
   Center                   Wing                     Time % Phy DF OF 
 1 Cody McCormick           Thomas Vanek             60     1   2  2  
 2 Victor Rask              Brad Marchand            40     1   2  2  

Penalty Kill 4 Players Defense
   Defense                  Defense                  Time % Phy DF OF 
 1 Toby Enstrom             Mark Streit              60     1   2  2  
 2 Jonathan Ericsson        Cody Franson             40     1   2  2  

Penalty Kill - 3 Players Forward 
   Forward                                           Time % Phy DF OF 
 1 Cody McCormick                                    60     1   2  2  
 2 Thomas Vanek                                      40     1   2  2  

Penalty Kill - 3 Players Defense
   Defense                  Defense                  Time % Phy DF OF 
 1 Toby Enstrom             Mark Streit              60     1   2  2  
 2 Jonathan Ericsson        Cody Franson             40     1   2  2  

4 vs 4 Forward 
   Center                   Wing                     Time % Phy DF OF 
 1 Cody McCormick           Thomas Vanek             60     1   2  2  
 2 Rickard Rakell           Brad Marchand            40     1   2  2  

4 vs 4 Defense
   Defense                  Defense                  Time % Phy DF OF 
 1 Cody Franson             Mark Streit              60     1   2  2  
 2 Jonathan Ericsson        Toby Enstrom             40     1   2  2  

Last Minutes Offensive
   Center                   Left Wing                Right Wing               Defense                  Defense                  
   Rickard Rakell           Brad Marchand            Jordan Eberle            Cody Franson             Mark Streit              

Last Minutes Defensive
   Center                   Left Wing                Right Wing               Defense                  Defense                  
   Cody McCormick           David Legwand            Max Talbot               Toby Enstrom             Jonathan Ericsson        

Goaltenders
Starting : Ryan Miller              
Backup : Niklas Backstrom         

Extra Forwards
Normal : Victor Rask, Cody McCormick, Thomas Vanek - PP : Jordan Eberle, Cody McCormick - PK : Rickard Rakell
Extra Defensemen
Normal : Cody Franson, Toby Enstrom, Jonathan Ericsson - PP : Toby Enstrom - PK : Toby Enstrom, Jonathan Ericsson
Penalty Shots
Jordan Eberle, Thomas Vanek, Victor Rask, Brad Marchand, Cody McCormick

% Time on Ice - Sharks

Lines # - Real PCT - Wanted PCT - Time Play
Normal Forward
1 - 31% - 35% - 13:55
2 - 30% - 30% - 13:15
3 - 30% - 22% - 13:17
4 - 9% - 13% - 4:08
Normal Defense
1 - 28% - 35% - 12:32
2 - 34% - 30% - 15:18
3 - 22% - 22% - 9:40
4 - 16% - 13% - 7:05
PP Forward
1 - 52% - 60% - 2:05
2 - 48% - 40% - 1:54
PP Defense
1 - 51% - 60% - 2:01
2 - 49% - 40% - 1:58
PK Forward
1 - 77% - 60% - 8:47
2 - 23% - 40% - 2:39
PK Defense
1 - 70% - 60% - 7:57
2 - 30% - 40% - 3:29
PK3 Forward
1 - 0% - 60%
2 - 0% - 40%
PK3 Defense
1 - 0% - 60%
2 - 0% - 40%
44 Forward
1 - 0% - 60%
2 - 0% - 40%
44 Defense
1 - 0% - 60%
2 - 0% - 40%
Last Minute Offensive  - 0:00
Last Minute Defensive  - 0:00
Total
Forward - 60:00
Defense - 60:00

% Time on Ice - Wild

Lines # - Real PCT - Wanted PCT - Time Play
Normal Forward
1 - 29% - 35% - 12:46
2 - 26% - 30% - 11:36
3 - 21% - 22% - 9:15
4 - 25% - 13% - 10:58
Normal Defense
1 - 36% - 35% - 15:51
2 - 32% - 30% - 14:25
3 - 23% - 22% - 10:17
4 - 9% - 13% - 4:02
PP Forward
1 - 51% - 60% - 5:47
2 - 49% - 40% - 5:39
PP Defense
1 - 45% - 60% - 5:12
2 - 55% - 40% - 6:14
PK Forward
1 - 83% - 60% - 3:19
2 - 17% - 40% - 0:40
PK Defense
1 - 87% - 60% - 3:29
2 - 13% - 40% - 0:30
PK3 Forward
1 - 0% - 60%
2 - 0% - 40%
PK3 Defense
1 - 0% - 60%
2 - 0% - 40%
44 Forward
1 - 0% - 60%
2 - 0% - 40%
44 Defense
1 - 0% - 60%
2 - 0% - 40%
Last Minute Offensive  - 0:00
Last Minute Defensive  - 0:00
Total
Forward - 60:00
Defense - 60:00

Play by Play

1st period


0:01 of 1st period - Victor Rask wins face-off versus Vincent Lecavalier in neutral zone.
0:32 of 1st period - Minor Penalty to Bobby Farnham for Holding.
0:33 of 1st period - Andy Andreoff wins face-off versus Rickard Rakell in Sharks zone.
0:33 of 1st period - Andy Andreoff is hit by Cody McCormick.
0:50 of 1st period - Snap shot by Thomas Vanek.
0:50 of 1st period - Stopped by Calvin Pickard without a rebound.
0:51 of 1st period - Rickard Rakell wins face-off versus Andy Andreoff in Sharks zone.
0:52 of 1st period - Slapshot by Mark Streit.
0:52 of 1st period - Deflect By Jay Harrison.
0:52 of 1st period - Stopped by Calvin Pickard with a rebound.
0:54 of 1st period - Slapshot by Cody Franson.
0:54 of 1st period - Deflect By Thomas Vanek.
0:54 of 1st period - Shot Blocked by Jay Harrison.
0:54 of 1st period - Puck is out of play.
0:55 of 1st period - Andy Andreoff wins face-off versus David Legwand in Sharks zone.
1:20 of 1st period - Wrist shot by Brad Marchand.
1:20 of 1st period - Stopped by Calvin Pickard with a rebound.
2:31 of 1st period - Snap shot by Jordan Eberle.
2:31 of 1st period - Shot Misses the Net.
2:32 of 1st period - Penalty to Bobby Farnham is over, Bobby Farnham is back on ice.
2:33 of 1st period - Snap shot by David Legwand.
2:33 of 1st period - Shot Blocked by Michael Latta.
2:35 of 1st period - Backhand shot by Cody Franson.
2:35 of 1st period - Deflect By Tomas Fleischmann.
2:35 of 1st period - Stopped by Calvin Pickard with a rebound.
2:45 of 1st period - Tomas Fleischmann is hit by Dale Weise.
3:07 of 1st period - Slapshot by Mark Streit.
3:07 of 1st period - Stopped by Calvin Pickard with a rebound.
4:12 of 1st period - Snap shot by Jordan Eberle.
4:12 of 1st period - Stopped by Calvin Pickard with a rebound.
4:42 of 1st period - Jay Harrison is hit by Brad Marchand and loses puck.
5:07 of 1st period - Justin Schultz is hit by Derek Dorsett and loses puck.
5:50 of 1st period - Chris Tierney is hit by Dana Tyrell and loses puck.
5:55 of 1st period - Snap shot by Rickard Rakell.
5:55 of 1st period - Goal by Rickard Rakell - Sharks : 0 - Wild : 1.
5:56 of 1st period - David Legwand wins face-off versus Linden Vey in neutral zone.
6:36 of 1st period - Snap shot by Richard Panik.
6:36 of 1st period - Shot Blocked by Cody Franson.
7:57 of 1st period - Wrist shot by Victor Rask.
7:57 of 1st period - Shot Blocked by Tom Gilbert.
8:26 of 1st period - Brian Strait is hit by Klas Dahlbeck and loses puck.
9:40 of 1st period - Slapshot by Richard Panik.
9:40 of 1st period - Shot Misses the Net.
9:42 of 1st period - Slapshot by Jay Harrison.
9:42 of 1st period - Deflect By Tomas Fleischmann.
9:42 of 1st period - Shot Blocked by Cody Franson.
9:42 of 1st period - Puck is out of play.
9:43 of 1st period - David Legwand wins face-off versus Chris Tierney in Wild zone.
10:36 of 1st period - Vincent Lecavalier is hit by Jordan Eberle and loses puck.
10:57 of 1st period - Jay Harrison is hit by Luke Schenn and loses puck.
11:24 of 1st period - Tom Gilbert is hit by Derek Dorsett and loses puck.
11:31 of 1st period - Snap shot by Max Talbot.
11:31 of 1st period - Stopped by Calvin Pickard with a rebound.
11:33 of 1st period - Slapshot by Derek Dorsett.
11:33 of 1st period - Shot Misses the Net.
11:35 of 1st period - Snap shot by Dale Weise.
11:35 of 1st period - Shot Misses the Net.
11:37 of 1st period - Slapshot by Jonathan Ericsson.
11:37 of 1st period - Stopped by Calvin Pickard without a rebound.
11:38 of 1st period - Mason Raymond wins face-off versus Chris Tierney in Sharks zone.
11:41 of 1st period - Slapshot by Brad Marchand.
11:41 of 1st period - Stopped by Calvin Pickard with a rebound.
11:49 of 1st period - Klas Dahlbeck is hit by Brian Strait.
12:31 of 1st period - Toby Enstrom is hit by Klas Dahlbeck and loses puck.
13:02 of 1st period - Icing by Thomas Vanek.
13:03 of 1st period - Victor Rask wins face-off versus Chris Tierney in Wild zone.
13:08 of 1st period - Richard Panik is hit by Jordan Eberle and loses puck.
13:21 of 1st period - Toby Enstrom is hit by Richard Panik and loses puck.
14:03 of 1st period - Snap shot by Linden Vey.
14:03 of 1st period - Shot Misses the Net.
14:29 of 1st period - Justin Schultz is hit by Brad Marchand.
14:41 of 1st period - Andy Andreoff is hit by Brad Marchand and loses puck.
15:22 of 1st period - Snap shot by Dale Weise.
15:22 of 1st period - Shot Blocked by Jay Harrison.
15:24 of 1st period - Wrist shot by Dale Weise.
15:24 of 1st period - Stopped by Calvin Pickard without a rebound.
15:25 of 1st period - Cody McCormick wins face-off versus Linden Vey in Sharks zone.
15:50 of 1st period - Minor Penalty to Dana Tyrell for Hooking.
15:51 of 1st period - Cody McCormick wins face-off versus Vincent Lecavalier in Wild zone.
16:06 of 1st period - Snap shot by Tomas Fleischmann.
16:06 of 1st period - Stopped by Ryan Miller with a rebound.
16:08 of 1st period - Slapshot by Jay Harrison.
16:08 of 1st period - Shot Misses the Net.
17:30 of 1st period - Victor Rask is hit by Curtis Glencross and loses puck.
17:43 of 1st period - Rickard Rakell is hit by Ian Cole and loses puck.
17:50 of 1st period - Penalty to Dana Tyrell is over, Dana Tyrell is back on ice.
17:54 of 1st period - Cody McCormick is hit by Jayson Megna and loses puck.
18:03 of 1st period - Snap shot by Vincent Lecavalier.
18:03 of 1st period - Stopped by Ryan Miller with a rebound.
18:41 of 1st period - Slapshot by Brad Marchand.
18:41 of 1st period - Deflect By Mason Raymond.
18:41 of 1st period - Stopped by Calvin Pickard with a rebound.
18:43 of 1st period - Slapshot by Brad Marchand.
18:43 of 1st period - Stopped by Calvin Pickard with a rebound.
18:45 of 1st period - Wrist shot by David Legwand.
18:45 of 1st period - Shot Misses the Net.
18:47 of 1st period - Snap shot by David Legwand.
18:47 of 1st period - Shot Misses the Net.
19:21 of 1st period - Wrist shot by Max Talbot.
19:21 of 1st period - Shot Blocked by Tom Gilbert.
19:23 of 1st period - Slapshot by Dale Weise.
19:23 of 1st period - Stopped by Calvin Pickard with a rebound.
19:25 of 1st period - Wrist shot by Cody Franson.
19:25 of 1st period - Stopped by Calvin Pickard with a rebound.
19:27 of 1st period - Wrist shot by Max Talbot.
19:27 of 1st period - Stopped by Calvin Pickard with a rebound.
19:29 of 1st period - Snap shot by Max Talbot.
19:29 of 1st period - Stopped by Calvin Pickard with a rebound.
19:31 of 1st period - Slapshot by Dale Weise.
19:31 of 1st period - Shot Misses the Net.
19:33 of 1st period - Slapshot by Luke Schenn.
19:33 of 1st period - Shot Blocked by Ian Cole.
19:35 of 1st period - Slapshot by Cody Franson.
19:35 of 1st period - Stopped by Calvin Pickard with a rebound.
19:55 of 1st period - Snap shot by Jordan Eberle.
19:55 of 1st period - Shot Misses the Net.
19:57 of 1st period - Snap shot by Jonathan Ericsson.
19:57 of 1st period - Stopped by Calvin Pickard with a rebound.
Goals for this period are 0 for Sharks vs 1 for Wild.
Shots for this period are 2 for Sharks vs 19 for Wild.

2nd period


0:01 of 2nd period - Victor Rask wins face-off versus Vincent Lecavalier in neutral zone.
0:15 of 2nd period - Icing by Klas Dahlbeck.
0:16 of 2nd period - Victor Rask wins face-off versus Vincent Lecavalier in Sharks zone.
0:33 of 2nd period - Slapshot by Thomas Vanek.
0:33 of 2nd period - Shot Misses the Net.
0:35 of 2nd period - Wrist shot by Victor Rask.
0:35 of 2nd period - Shot Misses the Net.
1:07 of 2nd period - Snap shot by David Legwand.
1:07 of 2nd period - Stopped by Calvin Pickard with a rebound.
1:27 of 2nd period - Wrist shot by Mason Raymond.
1:27 of 2nd period - Deflect By David Legwand.
1:27 of 2nd period - Stopped by Calvin Pickard with a rebound.
1:33 of 2nd period - Minor Penalty to Bobby Farnham for Hooking.
1:34 of 2nd period - Cody McCormick wins face-off versus Andy Andreoff in Sharks zone.
1:47 of 2nd period - Wrist shot by Thomas Vanek.
1:47 of 2nd period - Shot Blocked by Tom Gilbert.
1:53 of 2nd period - Snap shot by Thomas Vanek.
1:53 of 2nd period - Shot Misses the Net.
3:33 of 2nd period - Penalty to Bobby Farnham is over, Bobby Farnham is back on ice.
3:35 of 2nd period - Brad Marchand is hit by Michael Latta and loses puck.
4:14 of 2nd period - Icing by Luke Schenn.
4:15 of 2nd period - Max Talbot wins face-off versus Tomas Fleischmann in Wild zone.
4:22 of 2nd period - Richard Panik is hit by Dale Weise.
4:36 of 2nd period - Minor Penalty to Max Talbot for Tripping.
4:37 of 2nd period - Cody McCormick wins face-off versus Vincent Lecavalier in Wild zone.
5:37 of 2nd period - Snap shot by Justin Schultz.
5:37 of 2nd period - Stopped by Ryan Miller with a rebound.
5:39 of 2nd period - Slapshot by Klas Dahlbeck.
5:39 of 2nd period - Shot Misses the Net.
5:55 of 2nd period - Victor Rask is hit by Andy Andreoff and loses puck.
6:23 of 2nd period - Snap shot by Thomas Vanek.
6:23 of 2nd period - Stopped by Calvin Pickard with a rebound.
6:36 of 2nd period - Penalty to Max Talbot is over, Max Talbot is back on ice.
6:45 of 2nd period - Snap shot by Ryan Hamilton.
6:45 of 2nd period - Stopped by Ryan Miller without a rebound.
6:46 of 2nd period - Max Talbot wins face-off versus Chris Tierney in Wild zone.
6:59 of 2nd period - Snap shot by Chris Tierney.
6:59 of 2nd period - Shot Misses the Net.
7:05 of 2nd period - Ryan Hamilton is hit by Derek Dorsett and loses puck.
7:22 of 2nd period - Slapshot by Dale Weise.
7:22 of 2nd period - Shot Misses the Net.
8:22 of 2nd period - Brian Strait is hit by Richard Panik.
8:48 of 2nd period - Slapshot by Rickard Rakell.
8:48 of 2nd period - Shot Blocked by Klas Dahlbeck.
9:06 of 2nd period - Wrist shot by Linden Vey.
9:06 of 2nd period - Shot Misses the Net.
9:08 of 2nd period - Slapshot by Jay Harrison.
9:08 of 2nd period - Shot Blocked by Cody McCormick.
9:10 of 2nd period - Wrist shot by Jayson Megna.
9:10 of 2nd period - Deflect By Brian Strait.
9:10 of 2nd period - Shot Misses the Net.
9:10 of 2nd period - Puck is out of play.
9:11 of 2nd period - Max Talbot wins face-off versus Linden Vey in Wild zone.
9:33 of 2nd period - Curtis Glencross is hit by Derek Dorsett and loses puck.
10:16 of 2nd period - Minor Penalty to Michael Latta for Hooking.
10:17 of 2nd period - Andy Andreoff wins face-off versus David Legwand in Sharks zone.
11:06 of 2nd period - Jonathan Ericsson is hit by Jay Harrison and loses puck.
12:16 of 2nd period - Penalty to Michael Latta is over, Michael Latta is back on ice.
12:47 of 2nd period - Slapshot by Mark Streit.
12:47 of 2nd period - Stopped by Calvin Pickard with a rebound.
12:49 of 2nd period - Wrist shot by Max Talbot.
12:49 of 2nd period - Stopped by Calvin Pickard with a rebound.
12:51 of 2nd period - Slapshot by Toby Enstrom.
12:51 of 2nd period - Stopped by Calvin Pickard with a rebound.
13:58 of 2nd period - Toby Enstrom is hit by Michael Latta and loses puck.
14:20 of 2nd period - Off-side.
14:21 of 2nd period - David Legwand wins face-off versus Linden Vey in neutral zone.
14:56 of 2nd period - Snap shot by Rickard Rakell.
14:56 of 2nd period - Shot Blocked by Klas Dahlbeck.
16:06 of 2nd period - Wrist shot by Cody McCormick.
16:06 of 2nd period - Shot Misses the Net.
16:08 of 2nd period - Slapshot by Luke Schenn.
16:08 of 2nd period - Shot Blocked by Bobby Farnham.
16:10 of 2nd period - Wrist shot by Cody McCormick.
16:10 of 2nd period - Stopped by Calvin Pickard with a rebound.
16:36 of 2nd period - Snap shot by Curtis Glencross.
16:36 of 2nd period - Shot Misses the Net.
17:07 of 2nd period - Snap shot by Dale Weise.
17:07 of 2nd period - Shot Blocked by Chris Tierney.
18:21 of 2nd period - Minor Penalty to Ian Cole for Roughing.
18:22 of 2nd period - Rickard Rakell wins face-off versus Michael Latta in Sharks zone.
19:58 of 2nd period - Tomas Fleischmann is hit by Toby Enstrom and loses puck.
Goals for this period are 0 for Sharks vs 0 for Wild.
Shots for this period are 2 for Sharks vs 7 for Wild.

3rd period


0:01 of 3rd period - Rickard Rakell wins face-off versus Andy Andreoff in neutral zone.
0:12 of 3rd period - Snap shot by Thomas Vanek.
0:12 of 3rd period - Shot Blocked by Tom Gilbert.
0:14 of 3rd period - Slapshot by Cody Franson.
0:14 of 3rd period - Shot Blocked by Tom Gilbert.
0:21 of 3rd period - Penalty to Ian Cole is over, Ian Cole is back on ice.
0:55 of 3rd period - Mason Raymond is hit by Tomas Fleischmann and loses puck.
1:34 of 3rd period - Icing by Brian Strait.
1:35 of 3rd period - Max Talbot wins face-off versus Vincent Lecavalier in Wild zone.
1:49 of 3rd period - Slapshot by Justin Schultz.
1:49 of 3rd period - Stopped by Ryan Miller without a rebound.
1:50 of 3rd period - Vincent Lecavalier wins face-off versus Victor Rask in Wild zone.
3:00 of 3rd period - Off-side.
3:01 of 3rd period - David Legwand wins face-off versus Chris Tierney in neutral zone.
3:24 of 3rd period - Snap shot by Mason Raymond.
3:24 of 3rd period - Shot Misses the Net.
3:26 of 3rd period - Snap shot by Luke Schenn.
3:26 of 3rd period - Shot Blocked by Ian Cole.
3:28 of 3rd period - Slapshot by Luke Schenn.
3:28 of 3rd period - Stopped by Calvin Pickard without a rebound.
3:29 of 3rd period - Max Talbot wins face-off versus Vincent Lecavalier in Sharks zone.
3:42 of 3rd period - Snap shot by Vincent Lecavalier.
3:42 of 3rd period - Stopped by Ryan Miller with a rebound.
4:09 of 3rd period - Icing by Mark Streit.
4:10 of 3rd period - Max Talbot wins face-off versus Richard Panik in Wild zone.
4:29 of 3rd period - Slapshot by Tomas Fleischmann.
4:29 of 3rd period - Stopped by Ryan Miller with a rebound.
4:31 of 3rd period - Snap shot by Tom Gilbert.
4:31 of 3rd period - Deflect By Mark Streit.
4:31 of 3rd period - Stopped by Ryan Miller without a rebound.
4:32 of 3rd period - Linden Vey wins face-off versus Victor Rask in Wild zone.
4:37 of 3rd period - Wrist shot by Linden Vey.
4:37 of 3rd period - Stopped by Ryan Miller without a rebound.
4:38 of 3rd period - Victor Rask wins face-off versus Linden Vey in Wild zone.
4:55 of 3rd period - Snap shot by Linden Vey.
4:55 of 3rd period - Stopped by Ryan Miller with a rebound.
4:57 of 3rd period - Slapshot by Klas Dahlbeck.
4:57 of 3rd period - Shot Misses the Net.
4:59 of 3rd period - Slapshot by Justin Schultz.
4:59 of 3rd period - Stopped by Ryan Miller with a rebound.
5:01 of 3rd period - Wrist shot by Justin Schultz.
5:01 of 3rd period - Shot Misses the Net.
5:45 of 3rd period - Slapshot by David Legwand.
5:45 of 3rd period - Stopped by Calvin Pickard with a rebound.
6:15 of 3rd period - Toby Enstrom is hit by Andy Andreoff and loses puck.
6:45 of 3rd period - Chris Tierney is hit by Cody McCormick and loses puck.
7:22 of 3rd period - Slapshot by Cody Franson.
7:22 of 3rd period - Deflect By Jayson Megna.
7:22 of 3rd period - Stopped by Calvin Pickard without a rebound.
7:23 of 3rd period - Victor Rask wins face-off versus Linden Vey in Sharks zone.
7:28 of 3rd period - Wrist shot by Jordan Eberle.
7:28 of 3rd period - Shot Blocked by Jay Harrison.
7:30 of 3rd period - Wrist shot by Jonathan Ericsson.
7:30 of 3rd period - Stopped by Calvin Pickard with a rebound.
7:36 of 3rd period - Snap shot by Thomas Vanek.
7:36 of 3rd period - Shot Blocked by Jay Harrison.
8:20 of 3rd period - Luca Sbisa is hit by Brad Marchand and loses puck.
8:33 of 3rd period - Ian Cole is hit by Luke Schenn and loses puck.
9:08 of 3rd period - Slapshot by Mark Streit.
9:08 of 3rd period - Shot Misses the Net.
9:10 of 3rd period - Slapshot by Mark Streit.
9:10 of 3rd period - Stopped by Calvin Pickard with a rebound.
9:12 of 3rd period - Wrist shot by Max Talbot.
9:12 of 3rd period - Shot Misses the Net.
9:14 of 3rd period - Snap shot by Mark Streit.
9:14 of 3rd period - Stopped by Calvin Pickard without a rebound.
9:15 of 3rd period - Vincent Lecavalier wins face-off versus Cody McCormick in Sharks zone.
9:57 of 3rd period - Slapshot by Justin Schultz.
9:57 of 3rd period - Deflect By Cody Franson.
9:57 of 3rd period - Stopped by Ryan Miller without a rebound.
9:58 of 3rd period - Victor Rask wins face-off versus Chris Tierney in Wild zone.
10:00 of 3rd period - Minor Penalty to Jonathan Ericsson for Roughing.
10:01 of 3rd period - Andy Andreoff wins face-off versus Cody McCormick in Wild zone.
10:01 of 3rd period - Slapshot by Curtis Glencross.
10:01 of 3rd period - Deflect By Andy Andreoff.
10:01 of 3rd period - Goal by Andy Andreoff - Sharks : 1 - Wild : 1.
10:02 of 3rd period - Victor Rask wins face-off versus Chris Tierney in neutral zone.
10:16 of 3rd period - Wrist shot by Jordan Eberle.
10:16 of 3rd period - Shot Blocked by Richard Panik.
10:18 of 3rd period - Slapshot by Jonathan Ericsson.
10:18 of 3rd period - Stopped by Calvin Pickard without a rebound.
10:19 of 3rd period - Victor Rask wins face-off versus Chris Tierney in Sharks zone.
10:23 of 3rd period - Minor Penalty to Ian Cole for Slashing.
10:24 of 3rd period - Rickard Rakell wins face-off versus Andy Andreoff in Sharks zone.
11:16 of 3rd period - Curtis Glencross is hit by David Legwand and loses puck.
11:59 of 3rd period - Cody McCormick is hit by Jay Harrison and loses puck.
12:06 of 3rd period - Tom Gilbert is hit by Cody Franson and loses puck.
12:23 of 3rd period - Penalty to Ian Cole is over, Ian Cole is back on ice.
12:49 of 3rd period - Slapshot by Justin Schultz.
12:49 of 3rd period - Shot Blocked by Dale Weise.
12:57 of 3rd period - Justin Schultz is hit by Derek Dorsett.
13:06 of 3rd period - Off-side.
13:07 of 3rd period - Cody McCormick wins face-off versus Vincent Lecavalier in neutral zone.
13:18 of 3rd period - Snap shot by Cody Franson.
13:18 of 3rd period - Shot Misses the Net.
13:20 of 3rd period - Snap shot by Cody Franson.
13:20 of 3rd period - Deflect By Ian Cole.
13:20 of 3rd period - Stopped by Calvin Pickard with a rebound.
13:22 of 3rd period - Snap shot by Cody McCormick.
13:22 of 3rd period - Stopped by Calvin Pickard with a rebound.
14:08 of 3rd period - Klas Dahlbeck is hit by Mark Streit and loses puck.
14:37 of 3rd period - Snap shot by Mason Raymond.
14:37 of 3rd period - Deflect By Brad Marchand.
14:37 of 3rd period - Stopped by Calvin Pickard with a rebound.
14:39 of 3rd period - Snap shot by Jonathan Ericsson.
14:39 of 3rd period - Shot Misses the Net.
14:41 of 3rd period - Wrist shot by Mason Raymond.
14:41 of 3rd period - Goal by Mason Raymond - Sharks : 1 - Wild : 2.
14:42 of 3rd period - Cody McCormick wins face-off versus Linden Vey in neutral zone.
15:27 of 3rd period - Snap shot by Jordan Eberle.
15:27 of 3rd period - Shot Misses the Net.
15:29 of 3rd period - Slapshot by Mark Streit.
15:29 of 3rd period - Stopped by Calvin Pickard with a rebound.
15:31 of 3rd period - Wrist shot by Jordan Eberle.
15:31 of 3rd period - Goal by Jordan Eberle - Sharks : 1 - Wild : 3.
15:32 of 3rd period - Victor Rask wins face-off versus Chris Tierney in neutral zone.
15:47 of 3rd period - Snap shot by Chris Tierney.
15:47 of 3rd period - Stopped by Ryan Miller with a rebound.
15:49 of 3rd period - Snap shot by Tomas Fleischmann.
15:49 of 3rd period - Shot Blocked by Toby Enstrom.
15:51 of 3rd period - Wrist shot by Tomas Fleischmann.
15:51 of 3rd period - Shot Misses the Net.
16:20 of 3rd period - Mason Raymond is hit by Bobby Farnham and loses puck.
16:32 of 3rd period - Slapshot by Vincent Lecavalier.
16:32 of 3rd period - Shot Misses the Net.
16:43 of 3rd period - Klas Dahlbeck is hit by David Legwand and loses puck.
17:08 of 3rd period - Backhand shot by Curtis Glencross.
17:08 of 3rd period - Stopped by Ryan Miller with a rebound.
17:22 of 3rd period - Cody McCormick is hit by Richard Panik and loses puck.
17:45 of 3rd period - Wrist shot by Vincent Lecavalier.
17:45 of 3rd period - Shot Blocked by Jonathan Ericsson.
17:47 of 3rd period - Slapshot by Klas Dahlbeck.
17:47 of 3rd period - Shot Blocked by Jonathan Ericsson.
17:49 of 3rd period - Slapshot by Klas Dahlbeck.
17:49 of 3rd period - Stopped by Ryan Miller without a rebound.
17:50 of 3rd period - Victor Rask wins face-off versus Andy Andreoff in Wild zone.
17:50 of 3rd period - Victor Rask is hit by Michael Latta.
18:00 of 3rd period - Slapshot by Victor Rask.
18:00 of 3rd period - Shot Blocked by Vincent Lecavalier.
18:02 of 3rd period - Snap shot by Cody Franson.
18:02 of 3rd period - Shot Misses the Net.
18:28 of 3rd period - Minor Penalty to Michael Latta for Interference.
18:29 of 3rd period - David Legwand wins face-off versus Jayson Megna in Sharks zone.
19:54 of 3rd period - Snap shot by Curtis Glencross.
19:54 of 3rd period - Shot Blocked by Jonathan Ericsson.
Goals for this period are 1 for Sharks vs 2 for Wild.
Shots for this period are 12 for Sharks vs 13 for Wild.